 Dungeon Crawl Stone Soup version 0.20-b1-18-gaa2fd62 (webtiles) character file.

124 HeyBub the Slasher (level 4, 0/37 HPs)
             Began as a Demigod Gladiator on May 25, 2017.
             Succumbed to a kobold's poison
             ... on level 3 of the Dungeon.
             The game lasted 00:02:28 (2151 turns).

HeyBub the Slasher (Demigod Gladiator)              Turns: 2151, Time: 00:02:29

Health: 0/37       AC:  9    Str: 19    XL:     4   Next: 52%
Magic:  6/6        EV:  9    Int: 12    God:
Gold:   95         SH:  0    Dex: 17    Spells: 3/3 levels left

rFire    . . .     SeeInvis .   a - +0 long sword
rCold    . . .     Gourm    .   (no shield)
rNeg     . . .     Faith    .   l - +0 chain mail
rPois    .         Spirit   .   c - +0 helmet
rElec    .         Reflect  .   (no cloak)
rCorr    .         Harm     .   (no gloves)
MR       .....                  (no boots)
Stlth    ..........             (no amulet)
Regen    0.2/turn               (no ring)
MPRegen  0.1/turn               (no ring)

@: lethally poisoned (0 -> -28), very slightly contaminated, slowed, very slow
A: high mp 1
a: no special abilities


You were on level 3 of the Dungeon.
You were not hungry.

You visited 1 branch of the dungeon, and saw 3 of its levels.

You collected 95 gold pieces.

Inventory:

Hand Weapons
 a - a +0 long sword (weapon)
Missiles
 d - 3 throwing nets (quivered)
Armour
 b - a +0 leather armour
 c - a +0 helmet (worn)
 l - a +0 chain mail (worn)
Scrolls
 e - 3 scrolls of amnesia
 h - a scroll of blinking
 j - a scroll of remove curse {unknown}
 n - a scroll of identify {unknown}
 o - a scroll of recharging {unknown}
 p - a scroll of teleportation {unknown}
Comestibles
 f - a bread ration


   Skills:
 + Level 2.3 Fighting
 + Level 3.6 Long Blades
 + Level 1.8 Throwing
 * Level 2.0 Armour
 + Level 3.3 Dodging


You had 3 spell levels left.
You didn't know any spells.

Dungeon Overview and Level Annotations

Branches:
Dungeon (3/15)


Innate Abilities, Weirdness & Mutations

You have an increased reservoir of magic. (+10% MP)


Message History

As you read the scroll labeled PULOCI JUSCH, it crumbles to dust.
It is a scroll of amnesia.
You feel forgetful for a moment.
* * * LOW HITPOINT WARNING * * *
You feel sick. The kobold barely misses you.
The kobold hits you but does no damage.
You hit the kobold.
You kill the kobold!
* * * LOW HITPOINT WARNING * * *
You feel sick.
The kobold shoots a poisoned needle.
The poisoned needle hits you!
You are more poisoned.
The kobold shoots a poisoned needle.
The poisoned needle hits you!
You are more poisoned.
Blink to where?
Press: ? - help, Dir - move target cursor You are very lightly contaminated with residual magic.
As you read the scroll labeled TEEVUPS WETIYC, it crumbles to dust.
It was a scroll of blinking.
You die...

#....##.......#
####.##.......#
#.##.##.......#
#....##.......##
###.###########)(#
.##.# ##ยง#
.##.### #)#
......# #K#
#..##.# #@##
#.....# #..##
.....## ##.(#
>....# #..'......
.....# #..'......
.....# #..'......
.....# #..##....[
###### #..# #....
##.# ####


You could see a kobold.

Vanquished Creatures
  An orc wizard (D:3)
  2 adders (D:3)
  An ooze (D:1)
  A dart slug (D:1)
  3 leopard geckos
  3 orcs (D:3)
  3 ball pythons (D:2)
  6 bats
  6 giant cockroaches
  4 goblins (D:2)
  4 hobgoblins (D:2)
  2 jackals (D:1)
  17 kobolds
  A quokka (D:2)
  2 frilled lizards
  7 rats
63 creatures vanquished.

Vanquished Creatures (others)
  4 toadstools (D:3)
4 creatures vanquished.

Grand Total: 67 creatures vanquished

Notes
Turn   | Place    | Note
-------+----------+-------------------------------------------
     0 | D:1      | HeyBub the Demigod Gladiator began the quest for the Orb.
     0 | D:1      | Reached XP level 1. HP: 17/17 MP: 3/3
   174 | D:1      | Reached XP level 2. HP: 22/24 MP: 4/4
   699 | D:1      | Reached XP level 3. HP: 29/29 MP: 5/5
   786 | D:2      | Reached skill level 1 in Armour
  1314 | D:2      | Found a burning altar of Makhleb.
  1314 | D:2      | Found a sacrificial altar of Ru.
  1913 | D:3      | Reached XP level 4. HP: 5/36 MP: 6/6
  2151 | D:3      | Succumbed to a kobold's poison

Skill      XL: |  1  2  3  4 |
---------------+-------------+-----
Dodging        | 3 |  3.3
Long Blades    | 3 |  3.6
Fighting       | 2 |  2.3
Armour         | 1 2 |  2.0
Throwing       | |  1.8

Action                   |  1- 3 |  4- 6 || total
-------------------------+-------+-------++-------
Melee: Long sword        |   150 |    28 ||   178
  Use: Potion            |     1 |     1 ||     2
       Scroll            |       |     2 ||     2
 Stab: Sleeping          |     1 |       ||     1
  Eat: Chunk             |     2 |       ||     2
       Meat ration       |       |     1 ||     1
       Fruit             |       |     1 ||     1
Armor: Leather armour    |    34 |       ||    34
       Chain mail        |    34 |    17 ||    51
Dodge: Dodged            |   127 |    12 ||   139
       Rpst.: Long sword |    47 |     2 ||    49
